AoeStats
← Janet

Arena

510368094Analyzed
1v1 RM · 2d ago on Sep 30, 2026· 31m 44s· 2 players
Game mode
Random Map
Map size
Tiny (2 player)
Population
200
Speed
Normal
Resources
Standard
Victory
Conquest
Starting age
Dark Age
Ending age
Imperial Age
RankedLock teamsTeams togetherTeam positionsShared explorationLock speedFull tech treeHidden civsTurbo modeCheats
Victory
Defeat
🇦🇺 Mongols · Australia
402
+22
🇨🇴 Hindustanis · Colombia
527
-22
Janet
9:43 Feudal Age
15:34 Double-Bit Axe
20:05 Castle Age
18:23 Loom
20:30 Fletching
20:41 Padded Archer Armor
20:50 Scale Barding Armor
20:55 Crossbowman
21:41 Gold Mining
21:42 Stone Mining
28:13 Forging
TITO-tech
3:14 Loom
15:53 Feudal Age
17:49 Wheelbarrow
20:43 Castle Age
19:12 Double-Bit Axe
19:11 Horse Collar
19:27 Gold Mining
19:29 Stone Mining
22:06 Heavy Plow
26:41 Imperial Age
24:32 Bow Saw
25:52 Hand Cart
Connection lost

Rejoining the realm…

Still unreachable

The connection could not be restored.

Session expired

The server has moved on; the page needs a fresh start.